 Dungeon Crawl Stone Soup version 0.19-a0-994-g3c636f0 (webtiles) character file.

14 MrRokkomies the Caller (level 2, -1/16 HPs)
             Began as a Tengu Summoner on July 15, 2016.
             Slain by a hobgoblin
             ... wielding a +0 club
              (3 damage)
             ... on level 1 of the Dungeon.
             The game lasted 00:02:08 (1104 turns).

MrRokkomies the Caller (Tengu Summoner)             Turns: 1104, Time: 00:02:09

Health: -1/16      AC:  2    Str:  8    XL:     2   Next: 41%
Magic:  4/6        EV: 12    Int: 15    God:
Gold:   27         SH:  0    Dex: 14    Spells: 2 memorised, 2 levels left

rFire  . . .     SeeInvis .     e - +0 dagger
rCold  . . .     Gourm    .     a - +0 robe
rNeg   . . .     Faith    .     (no shield)
rPois  .         Spirit   .     (helmet restricted)
rElec  .         Dismiss  .     (no cloak)
rCorr  .         Reflect  .     (no gloves)
SustAt .         Harm     .     (boots unavailable)
MR     .....                    (no amulet)
Stlth  ++........               (no ring)
                                (no ring)

@: not resistant to hostile enchantments, unstealthy
A: beak, talons 3
a: no special abilities


You were on level 1 of the Dungeon.
You were hungry.

You visited 1 branch of the dungeon, and saw 1 of its levels.

You collected 27 gold pieces.

Inventory:

Hand Weapons
 e - a +0 dagger (weapon)
Missiles
 f - 55 stones (quivered)
Armour
 a - a +0 robe (worn)
Potions
 h - a potion of curing
 i - a potion of brilliance
Books
 b - a book of Callings

   Spells                             Type                      Level
   a - Summon Small Mammal            Summoning                    1
   b - Call Imp                       Summoning                    2
   c - Call Canine Familiar           Summoning                    3
   d - Summon Guardian Golem          Hexes/Summoning              3
   e - Summon Lightning Spire         Summoning/Air                4
   f - Summon Ice Beast               Ice/Summoning                4
Comestibles
 c - a bread ration
 d - a meat ration
 g - a slice of pizza
 j - a beef jerky


   Skills:
 * Level 1.2 Fighting
 - Level 2.1 Dodging
 - Level 2.0 Stealth
 - Level 2.0 Spellcasting
 * Level 5.2 Summonings


You had 2 spell levels left.
You knew the following spells:

 Your Spells              Type           Power        Failure   Level  Hunger
a - Summon Small Mammal   Summ           ###.         2%          1    #......
b - Call Imp              Summ           ###.....     4%          2    ###....


Dungeon Overview and Level Annotations

Branches:
Dungeon (1/15)

Altars:


Innate Abilities, Weirdness & Mutations

You have a beak for a mouth.
You have claws for feet.


Message History

* * * LOW HITPOINT WARNING * * *
You hit the hobgoblin. Your peck misses the hobgoblin.
The hobgoblin is heavily wounded.
The hobgoblin closely misses you.
You barely miss the hobgoblin. Your peck misses the hobgoblin.
The hobgoblin is heavily wounded.
The hobgoblin closely misses you.
You barely miss the hobgoblin.
The hobgoblin is heavily wounded.
The hobgoblin closely misses you.
Casting: Summon Small Mammal
Confirm with . or Enter, or press ? or * to list all spells.
A beastly little devil appears in a puff of flame.
The hobgoblin hits you with a club.
* * * LOW HITPOINT WARNING * * *
Your crimson imp blinks!
The hobgoblin completely misses you.
Your crimson imp closely misses the hobgoblin.
The hobgoblin hits you with a club.
You die...

#.......##.#
........##.#
#.......##.#
#.......##.#
#.......##.#
###.######.#
##### ....#
#.####...#
#####
#...(5g..#
######.@.#
##.## #.#
#.# #.# #.#
..# ###


You could see a hobgoblin and a friendly crimson imp.

Vanquished Creatures
  3 bats (D:1)
  2 giant cockroaches (D:1)
  A goblin (D:1)
  3 hobgoblins (D:1)
  A kobold (D:1)
  A rat (D:1)
11 creatures vanquished.

Vanquished Creatures (collateral kills)
  2 hobgoblins (D:1)
  A jackal (D:1)
3 creatures vanquished.

Grand Total: 14 creatures vanquished

Notes
Turn   | Place    | Note
-------+----------+-------------------------------------------
     0 | D:1      | MrRokkomies the Tengu Summoner began the quest for the Orb.
     0 | D:1      | Reached XP level 1. HP: 10/10 MP: 4/4
   326 | D:1      | Reached skill level 5 in Summonings
   718 | D:1      | Reached skill level 1 in Fighting
   718 | D:1      | Reached XP level 2. HP: 15/16 MP: 6/6
   787 | D:1      | Learned a level 2 spell: Call Imp
  1104 | D:1      | Slain by a hobgoblin

Vault maps used:
D:1:      dpeg_arrival_tiny_a

Skill      XL: |  1 |
---------------+----+-----
Summonings     | 5 |  5.2
Fighting       | 1 |  1.2
Dodging        | |  2.1
Stealth        | |  2.0
Spellcasting   | |  2.0

Action                   || total
-------------------------++-------
Melee: Dagger            ||    52
       Kick              ||    10
       Unarmed           ||     4
       Peck              ||     8
 Cast: Summon Small Mamm ||     8
       Call Imp          ||     1
  Use: Scroll            ||     2
Armor: Robe              ||    19
Dodge: Dodged            ||    41
